 Dungeon Crawl Stone Soup version 0.30.1-4-g462c640d31 (webtiles) character file.

Game seed: 12330589521841385675

109 rvierbuc the Conjurer (level 4, -2/33 HPs)
             Began as a Demigod Conjurer on Aug 21, 2023.
             Killed by nerve-wracking pain
             ... invoked by Grinder
              (6 damage)
             ... on level 3 of the Dungeon.
             The game lasted 00:13:30 (2439 turns).

rvierbuc the Conjurer (Demigod Conjurer)            Turns: 2439, Time: 00:13:30

Health: -2/33      AC:  5    Str:  8    XL:     4   Next: 35%
Magic:  4/10       EV: 12    Int: 24    God:
Gold:   97         SH:  0    Dex: 12    Spells: 5/8 levels left

rFire   + . .        j - +0 spear
rCold   . . .        (no shield)
rNeg    . . .        f - +1 robe of the Stars {rElec rF+}
rPois   .            i - +0 helmet
rElec   +            m - +0 cloak
rCorr   .            (no gloves)
SInv    .            (no boots)
Will    .....        (no amulet)
Stlth   ++           (no ring)
HPRegen 0.25/turn    (no ring)
MPRegen 0.12/turn

%: no passive effects
@: no status effects
A: high MP 1, forlorn, divine attributes
a: no special abilities


You were on level 3 of the Dungeon.
You visited 1 branch of the dungeon, and saw 3 of its levels.

You collected 97 gold pieces.

Inventory:

Hand Weapons
 j - a +0 spear (weapon)
 r - a +2 dagger of speed
Armour
 a - a +0 robe
 f - the +1 robe of the Stars (worn) {rElec rF+}
   (You found it on level 2 of the Dungeon)

   rF:        It protects you from fire.
   rElec:     It insulates you from electricity.
 h - a +2 animal skin
 i - a +0 helmet (worn)
 m - a +0 cloak (worn)
Wands
 g - a wand of polymorph (5)
Scrolls
 c - 2 scrolls of teleportation {unknown}
 d - 2 scrolls of fear {unknown}
 e - a scroll of noise {unknown}
 n - 2 scrolls of identify {unknown}
 o - a scroll of torment {unknown}
Potions
 k - a potion of degeneration {unknown}
 l - a potion of haste {unknown}
 p - a potion of mutation {unknown}
 q - a potion of cancellation {unknown}
 s - a potion of ambrosia {unknown}
 u - a potion of might {unknown}
 v - a potion of lignification {unknown}


   Skills:
 + Level 0.1 Fighting
 + Level 2.4 Dodging
 + Level 2.2 Stealth
 + Level 2.6 Spellcasting
 + Level 4.5 Conjurations


You had 5 spell levels left.
You knew the following spells:

 Your Spells              Type           Power      Damage    Failure   Level
a - Magic Dart            Conj           96%        1d7       1%          1
b - Searing Ray           Conj           48%        2d6       2%          2

Your spell library contained the following spells:

 Spells                   Type           Power      Damage    Failure   Level
 Dazzling Flash           Conj/Hex       26%        N/A       14%         3
 Fulminant Prism          Conj/Hex       6%         3d7       41%         4
 Iskenderun's Mystic Bla  Conj/Tloc      13%        2d5       41%         4


Dungeon Overview and Level Annotations

Branches:
Dungeon (3/15)

Annotations:
D:3 Grinder


Innate Abilities, Weirdness & Mutations

You have an increased reservoir of magic. (+10% MP)
You shall have no god before yourself.
Your divine heritage dramatically boosts your attributes as you level up.


Message History

Things that are here:
a +0 flail; a +0 scale mail; the human corpse of Terence Magic courses through your body.
Grinder says, "Wait up."
Grinder hits you!
* * * LOW HITPOINT WARNING * * *
You feel better. Grinder completely misses you.
Casting: Searing Ray (safe; 2% risk of failure)
Confirm with . or Enter, or press ? or * to list all spells.
Aiming: Searing Ray (safe; 2% risk of failure)
Press: ? - help, Shift-Dir - straight line, f/p - Grinder
Aim: Grinder (lightly wounded, 77% to hit)
The searing ray hits Grinder.
Grinder is moderately wounded. (Press . to maintain the ray.) Grinder closely misses you.
The searing ray hits Grinder!
Grinder is heavily wounded.
Grinder says, "You look like you could use a good racking."
Grinder gestures at you. Pain shoots through your body!
* * * LOW HITPOINT WARNING * * *
The searing ray hits Grinder.
Grinder is severely wounded.
Grinder hits you but does no damage.
The searing ray hits Grinder.
Grinder is severely wounded.
You finish channelling your searing ray.
Grinder barely misses you.
Casting: Searing Ray (safe; 2% risk of failure)
Confirm with . or Enter, or press ? or * to list all spells.
Aiming: Searing Ray (safe; 2% risk of failure)
Press: ? - help, Shift-Dir - straight line, f/p - Grinder
Aim: Grinder (severely wounded, 77% to hit)
The searing ray hits Grinder!
Grinder is almost dead. (Press . to maintain the ray.) Grinder gestures at you.
Pain shoots through your body!
You die...

####.######.################
#........##.......##.#
#........##..........#
#.........#....)..#
#.....)...#.......#
#########.#.......#####
######.####'###....#
#......####.# #....#
#.......@5..###..^.##
#......##...)......(#
#......##.>.........#
#......###..........#
#......# #..).......#
######## #..........#
##.........# #............#
#.##.#+#######


You could see Grinder.

Vanquished Creatures
  Terence (D:3)
  Robin (D:2)
  2 adders (D:2)
  A dart slug (D:2)
  2 ball pythons
  5 bats
  2 endoplasms (D:2)
  2 giant cockroaches
  11 goblins
  6 hobgoblins
  2 jackals (D:2)
  4 frilled lizards
  9 kobolds
  8 rats
56 creatures vanquished.

Notes
Turn   | Place    | Note
-------+----------+-------------------------------------------
     0 | D:1      | rvierbuc the Demigod Conjurer began the quest for the Orb.
     0 | D:1      | Reached XP level 1. HP: 14/14 MP: 5/5
   313 | D:1      | Reached skill level 4 in Conjurations
   362 | D:1      | Reached XP level 2. HP: 20/20 MP: 4/7
   365 | D:1      | Learned a level 2 spell: Searing Ray
  1247 | D:2      | Identified the +1 robe of the Stars {rElec rF+}
  1325 | D:2      | Noticed Robin
  1331 | D:2      | Reached XP level 3. HP: 26/26 MP: 2/8
  1516 | D:2      | Killed Robin
  2168 | D:3      | Reached XP level 4. HP: 33/33 MP: 8/10
  2279 | D:3      | Noticed Terence
  2289 | D:3      | Killed Terence
  2294 | D:3      | Noticed Grinder
  2439 | D:3      | Killed from afar by Grinder

Illustrated notes

Levels and vault maps discovered:
D:1:      lightli_molten_gateway, layout_loops_ring
D:2:      layout_basic, uniq_robin
D:3:      layout_basic, nicolae_uskayaw_en_pointe,
          lemuel_coloured_pillars_altar, uniq_terence, uniq_grinder

Skill      XL: |  1  2 |
---------------+-------+-----
Conjurations   | 4 |  4.5
Stealth        | 2 |  2.2
Dodging        | 2 |  2.4
Spellcasting   | 2 |  2.6
Fighting       | |  0.1

Action                     |  1- 3 |  4- 6 || total
---------------------------+-------+-------++-------
  Melee: Unarmed           |     6 |       ||     6
         Spear             |    20 |       ||    20
   Cast: Magic Dart        |    78 |     9 ||    87
         Searing Ray       |    11 |     6 ||    17
    Use: Potion            |       |     3 ||     3
 Armour: Robe              |    10 |     3 ||    13
         Skin              |     1 |       ||     1
  Dodge: Dodged            |    47 |     6 ||    53
